 Dungeon Crawl Stone Soup version 0.28-a0-1406-ga8dd43b1d0 (webtiles) character file.

Game seed: 6815501454983397204

72 Destapler the Skirmisher (level 4, -3/35 HPs)
             Began as a Djinni Cinder Acolyte on Jan 6, 2022.
             Was a High Priest of Ignis.
             Frozen to death by an endoplasm (6 damage)
             ... on level 2 of the Dungeon.
             The game lasted 00:08:02 (2379 turns).

Destapler the Skirmisher (Djinni Cinder Acolyte)    Turns: 2379, Time: 00:08:04

Health: -3/35      AC:  2    Str: 13    XL:     4   Next: 48%
Gold:   50         EV: 11    Int: 16    God:    Ignis [*****.] SH:  0 Dex: 10

rFire   + + +      SeeInvis .   a - -1 falchion (flame)
rCold   x . .      Faith    .   (no shield)
rNeg    . . .      Spirit   .   b - +0 robe
rPois   ∞          Reflect  .   (no helmet)
rElec   .          Harm     .   (no cloak)
rCorr   .          Rampage  .   (no gloves)
Will    .....                   (boots unavailable)
Stlth   +.........              (no amulet)
HPRegen 0.11/turn               (no ring)
MPRegen 0.00/turn               (no ring)

@: flying
A: sickness immunity, fire resistance 2, cold vulnerability 1, float, innate
caster, hp casting, extra vitality 1
a: Renounce Religion, Fiery Armour, Foxfire Swarm, Rising Flame


You were on level 2 of the Dungeon.
You worshipped Ignis.
Ignis was extremely pleased with you.
You visited 1 branch of the dungeon, and saw 2 of its levels.

You collected 50 gold pieces.

Inventory:

Hand Weapons
 a - a -1 falchion of flaming (weapon)
 h - a +1 long sword of holy wrath
Armour
 b - a +0 robe (worn)
Scrolls
 f - a scroll of magic mapping {unknown}
 i - a scroll of fog {unknown}
Potions
 c - a potion of might {unknown}
 d - a potion of heal wounds {unknown}
 e - 2 potions of curing {unknown}
 g - a potion of degeneration {unknown}


   Skills:
 + Level 3.4 Fighting
 + Level 3.0 Long Blades
 + Level 1.2 Armour
 + Level 1.3 Dodging
 + Level 1.0 Stealth
 + Level 2.7 Spellcasting


You had 5 spell levels left.
You knew the following spells:

 Your Spells              Type           Power      Damage    Failure   Level
a - Scorch                Fire           20%        2d6       10%         2
b - Sandblast             Erth           20%        2d7       6%          1
Your spell library was empty.

Dungeon Overview and Level Annotations

Branches:
Dungeon (2/15)

Altars:


Innate Abilities, Weirdness & Mutations

You are immune to sickness and miasma.
You are immune to poison.
Your flesh is very heat resistant. (rF++)
You are vulnerable to cold. (rC-)
You float through the air rather than walking.
You learn spells naturally, not from books.
Your magical power is your life essence.
You have superior vitality. (+4 MHP)


Message History

Flames lash the hobgoblin.
You kill the hobgoblin!
The goblin hits you with a +0 dagger. The adder closely misses you.
Flames lash the adder.
The adder is moderately wounded.
The adder's fire resistance burns away.
* * * LOW HITPOINT WARNING * * *
The goblin hits you with a +0 dagger.
* * * LOW HITPOINT WARNING * * *
The adder bites you.
* * * LOW HITPOINT WARNING * * *
The adder is no longer more vulnerable to fire.
Flames lash the endoplasm.
The endoplasm is moderately wounded.
The endoplasm's fire resistance burns away.
* * * LOW HITPOINT WARNING * * *
The goblin barely misses you.
Your magical contamination has completely faded away.
Flames lash the goblin.
You kill the goblin!
* * * LOW HITPOINT WARNING * * *
A ball python comes into view.
The adder bites you.
* * * LOW HITPOINT WARNING * * *
You are too injured to fight recklessly!
Casting: Scorch (safe; 10% risk of failure)
Confirm with . or Enter, or press ? or * to list all spells.
Flames lash the adder.
You kill the adder!
The ball python hisses angrily.
* * * LOW HITPOINT WARNING * * *
Your Stealth skill increases to level 1!
Casting: Scorch (safe; 10% risk of failure)
Confirm with . or Enter, or press ? or * to list all spells.
Flames lash the endoplasm.
The endoplasm is burned terribly!
The endoplasm is almost dead.
* * * LOW HITPOINT WARNING * * *
The endoplasm freezes you.
You are frozen.
You feel a terrible chill!
You die...

##.# ..# ##..########?..#
#..........S....
#...#..#.....#..
##...#..#.....#..
#...###.##...##.#
#...#(#..#...#.(#
#..##.##J##.##..##
#..#...#@.#(#....########
#.##...##.###............
#.#.....#..#...####......
#.#.....#.S#.....>..#####
#.......).......#####
####..........###
############


You could see an endoplasm (combustible) and a ball python.

Vanquished Creatures
  2 adders (D:2)
  A dart slug (D:1)
  6 ball pythons
  4 endoplasms
  A giant cockroach (D:1)
  9 goblins
  4 hobgoblins
  3 jackals (D:1)
  2 quokkas (D:1)
  2 bats (D:1)
  2 frilled lizards (D:2)
  5 kobolds
  6 rats
47 creatures vanquished.

Notes
Turn   | Place    | Note
-------+----------+-------------------------------------------
     0 | D:1      | Destapler the Djinni Cinder Acolyte began the quest for the
                  | Orb.
     0 | D:1      | Reached XP level 1. HP: 20/20 MP: 0/0
   300 | D:1      | Reached XP level 2. HP: 25/25 MP: 0/0
   492 | D:1      | Found a faded altar of an unknown god.
   934 | D:1      | Reached XP level 3. HP: 23/30 MP: 0/0
   934 | D:1      | Learned a level 1 spell: Sandblast
  1275 | D:1      | Reached skill level 1 in Dodging
  1452 | D:1      | Reached skill level 1 in Armour
  1949 | D:2      | Reached XP level 4. HP: 27/35 MP: 0/0
  2379 | D:2      | Reached skill level 1 in Stealth
  2379 | D:2      | Frozen to death by an endoplasm

Illustrated notes

Levels and vault maps discovered:
D:1:      kennysheep_arrival_forest, layout_loops_ring,
          nicolae_ecumenical_lake_church, minmay_box_of_dots
D:2:      layout_loops_ring, minmay_unequal

Skill      XL: |  1  2  3  4 |
---------------+-------------+-----
Dodging        | 1 |  1.3
Armour         | 1 |  1.2
Long Blades    | 3 |  3.0
Stealth        | 1 |  1.0
Fighting       | |  3.4
Spellcasting   | |  2.7

Action                   |  1- 3 |  4- 6 || total
-------------------------+-------+-------++-------
Melee: Falchion          |    12 |     5 ||    17
       Punch             |     1 |     1 ||     2
 Cast: Scorch            |    39 |    14 ||    53
Armor: Robe              |     4 |     1 ||     5
Dodge: Dodged            |     8 |     5 ||    13

Table legend: (Time is in decaauts)
 A = Elapsed time spent in this place.
 B = Non-inter-level travel time spent in this place.
 C = Inter-level travel time spent in this place.
 D = Time resting spent in this place.
 E = Time spent auto-exploring this place.
 F = Levels seen in this place.
 G = Mean time per level.
                   A        B        C        D        E       F      G
               +--------+--------+--------+--------+--------+-----+--------+
         Total |   2382 |   2285 |     97 |    418 |   1595 |   2 | 1191.0 |
       Dungeon |   2382 |   2285 |     97 |    418 |   1595 |   2 | 1191.0 |
               +--------+--------+--------+--------+--------+-----+--------+

Top non-repeatable levels by time:
     D:1: 1831 daAuts
     D:2: 551 daAuts
